 Seeded DCSS version 0.25-a0-287-g56a5b49 (webtiles) character file.

Game seed: 6263939875519768407, levelgen mode: deterministic

46 Ayyar the Stinger (level 3, 0/25 HPs)
             Began as a Formicid Venom Mage on Oct 31, 2019.
             Slain by a worm (8 damage)
             ... on level 2 of the Dungeon on Dec 12, 2019.
             The game lasted 00:10:02 (1754 turns).

Ayyar the Stinger (Formicid Venom Mage)             Turns: 1754, Time: 00:10:02

Health: 0/25       AC:  2    Str: 13    XL:     3   Next: 92%
Magic:  6/6        EV: 12    Int: 14    God:
Gold:   69         SH:  0    Dex: 11    Spells: 3/7 levels left

rFire    . . .     SeeInvis +   f - +0 dagger
rCold    . . .     Gourm    .   (no shield)
rNeg     . . .     Faith    .   a - +0 robe
rPois    .         Spirit   .   (helmet unavailable)
rElec    .         Reflect  .   (no cloak)
rCorr    .         Harm     .   (no gloves)
MR       .....                  (no boots)
Stlth    ++........             (no amulet)
HPRegen  0.08/turn              (no ring)
MPRegen  0.10/turn              (no ring)

@: no status effects
A: permanent stasis, dig shafts and tunnels, four strong arms, antennae 3
a: Dig, Shaft Self


You were on level 2 of the Dungeon.
You were not hungry.

You visited 1 branch of the dungeon, and saw 2 of its levels.

You collected 69 gold pieces.

Inventory:

Hand Weapons
 f - a +0 dagger (weapon)
Missiles
 d - 15 sling bullets
Armour
 a - a +0 robe (worn)
 b - a +0 ring mail
Scrolls
 e - a scroll of noise {unknown}
 g - a scroll of enchant weapon {unknown}
 i - a scroll of remove curse {unknown}
 l - a scroll of fear {unknown}
Potions
 h - a potion of ambrosia {unknown}
 j - a potion of flight {unknown}
Comestibles
 c - 4 rations


   Skills:
 + Level 0.4 Fighting
 + Level 0.5 Armour
 + Level 2.2 Dodging
 + Level 3.1 Stealth
 - Level 2.5 Spellcasting
 - Level 1.3 Conjurations
 - Level 4.3 Poison Magic


You had 3 spell levels left.
You knew the following spells:

 Your Spells              Type           Power        Failure   Level  Hunger
a - Sting                 Tmut/Pois      #...         10%         1    #......
b - Mephitic Cloud        Conj/Pois/Air  #.......     30%         3    ###....

Your spell library contained the following spells:

 Spells                   Type           Power        Failure   Level  Hunger
 Poisonous Vapours        Pois/Air       #.....       14%         2    ###....
 Olgreb's Toxic Radiance  Pois           ##......     36%         4    #####..


Dungeon Overview and Level Annotations

Branches:
Dungeon (2/15)

Altars:
Gozag


Innate Abilities, Weirdness & Mutations

You cannot be hasted, slowed, berserked, paralysed or teleported.
You can dig through walls and to a lower floor.
Your four strong arms can wield two-handed weapons with a shield.
You have a pair of large antennae on your head. (SInv)


Message History

The worm bites you.
You barely miss the worm. You hit the worm but do no damage.
The worm bites you!
* * * LOW HITPOINT WARNING * * *
You are too injured to fight recklessly!
You are too injured to fight recklessly!
You hit the worm.
The worm is lightly wounded.
The worm bites you but does no damage.
You barely miss the worm.
The worm is lightly wounded.
You hit the worm but do no damage.
The worm is lightly wounded.
The worm closely misses you.
You barely miss the worm. You barely miss the worm.
The worm bites you but does no damage.
You hit the worm.
The worm is lightly wounded.
The worm bites you!
You die...

..#
##.####.......#.#
..# #.#
#.8...8.#.# ..#
#.# ##.....##.#
.## ##+#
###.####.# .#
##..$# #....# #.#
## #.....#
#....###.# .
..≈)PP.##.##..##.#
.≈≈≈≈(..#........#
.
.≈≈≈≈...w@.......#
>
.≈≈≈≈(..####...#.#
.≈≈≈≈..## ##.##.#
..≈.P.# ####.#
.#...# #.. ....#
#.. ###. ... #


You could see a worm.

Vanquished Creatures
  A worker ant zombie (D:2)
  An adder skeleton (D:2)
  A dart slug (D:1)
  A worm (D:2)
  A ball python (D:1)
  2 giant cockroaches (D:1)
  3 hobgoblins (D:1)
  3 jackals (D:1)
  2 bats (D:1)
  3 frilled lizards
  3 goblins (D:1)
  4 kobolds (D:1)
  6 rats (D:1)
31 creatures vanquished.

Vanquished Creatures (others)
  A giant cockroach (D:2)
1 creature vanquished.

Grand Total: 32 creatures vanquished

Notes
Turn   | Place    | Note
-------+----------+-------------------------------------------
     0 | D:1      | Ayyar the Formicid Venom Mage began the quest for the Orb.
     0 | D:1      | Reached XP level 1. HP: 13/13 MP: 3/3
    69 | D:1      | Reached skill level 1 in Conjurations
   325 | D:1      | Reached XP level 2. HP: 19/19 MP: 3/5
   428 | D:1      | Upgraded the game from 0.25-a0-62-g88673ef to
                  | 0.25-a0-73-g9796ba8
   619 | D:1      | Reached XP level 3. HP: 2/24 MP: 2/6
  1355 | D:2      | Learned a level 3 spell: Mephitic Cloud
  1355 | D:2      | Upgraded the game from 0.25-a0-73-g9796ba8 to
                  | 0.25-a0-287-g56a5b49
  1708 | D:2      | Found an opulent altar of Gozag.
  1754 | D:2      | Slain by a worm

Levels and vault maps discovered:
D:1:      roderic_octagonal_star, layout_basic, minmay_shallow_snake_nest
D:2:      minmay_angry_zag, layout_loops_corners, fiery_altar_vehumet,
          grunt_gozag_statues, general_overflow_altar, serial_undead,
          serial_undead_b, serial_undead_c, serial_undead_f, serial_undead_d,
          serial_undead_f, serial_undead_c, serial_undead_b, first_ration,
          kennysheep_boxes

Skill      XL: |  1  2  3 |
---------------+----------+-----
Conjurations   | 1 |  1.3
Dodging        | 2 |  2.2
Stealth        | 3 |  3.1
Fighting       | |  0.4
Armour         | |  0.5
Spellcasting   | |  2.5
Poison Magic   | |  4.3

Action                   || total
-------------------------++-------
Melee: Unarmed           ||     4
       Dagger            ||   108
 Cast: Sting             ||    27
 Stab: Sleeping          ||     3
  Eat: Chunk             ||     3
Armor: Robe              ||    13
Dodge: Dodged            ||    50

Table legend:
 A = Non-vault XP
 B = Vault XP
 C = Vault XP percentage of total XP
 D = Non-vault monster count
 E = Vault monster count
 F = Vault count percentage of total count
                 A         B        C        D         E       F
            +---------+---------+-------+---------+---------+-------
      Total |      43 |      23 |  34.8 |      28 |       3 |   9.7
            +---------+---------+-------+---------+---------+-------
        D:1 |      38 |       2 |   5.0 |      26 |       1 |   3.7
        D:2 |       5 |      21 |  80.8 |       2 |       2 |  50.0
            +---------+---------+-------+---------+---------+-------
